AoeStats
← bastansoso1

Arabia

509939452Analyzed
1v1 RM · 2d ago on Sep 28, 2026· 66m 41s· 2 players
Game mode
Random Map
Map size
Tiny (2 player)
Population
200
Speed
Normal
Resources
Standard
Victory
Conquest
Starting age
Dark Age
Ending age
Imperial Age
RankedLock teamsTeams togetherTeam positionsShared explorationLock speedFull tech treeHidden civsTurbo modeCheats
Victory
Defeat
🇫🇷 Lithuanians · France
1069
+17
🇵🇪 Hindustanis · Peru
1086
-17
Pickmass
7:07 Loom
9:55 Feudal Age
11:16 Feudal Age
13:47 Double-Bit Axe
13:43 Horse Collar
19:34 Castle Age
21:51 Pikeman
22:03 Elite Skirmisher
23:22 Forging
23:02 Pikeman
24:43 Wheelbarrow
24:23 Bow Saw
25:48 Squires
26:18 Scale Mail Armor
30:06 Iron Casting
29:47 Chain Mail Armor
30:48 Wheelbarrow
32:08 Hand Cart
33:41 Husbandry
33:58 Chain Mail Armor
33:48 Scale Barding Armor
34:04 Gold Mining
34:53 Stone Mining
39:06 Imperial Age
38:13 Chain Barding Armor
37:19 Light Cavalry
38:10 Bloodlines
39:13 Cavalier
40:11 Halberdier
42:29 Plate Barding Armor
45:52 Paladin
47:16 Winged Hussar
59:33 Capped Ram
bastansoso1
6:23 Loom
9:02 Feudal Age
10:32 Double-Bit Axe
19:51 Castle Age
18:59 Bloodlines
21:24 Bow Saw
21:07 Gold Mining
20:59 Horse Collar
22:27 Scale Barding Armor
22:50 Forging
25:13 Chain Barding Armor
27:33 Stone Mining
33:46 Imperial Age
32:18 Wheelbarrow
31:35 Town Watch
32:05 Scale Mail Armor
32:58 Heavy Plow
33:37 Hand Cart
34:41 Gold Shaft Mining
34:38 Chain Mail Armor
35:42 Iron Casting
35:18 Heavy Camel Rider
37:49 Stone Shaft Mining
38:26 Blast Furnace
37:43 Husbandry
39:48 Plate Barding Armor
40:15 Imperial Camel Rider
40:59 Light Cavalry
42:32 Elite Skirmisher
43:04 Fletching
45:12 Bodkin Arrow
46:19 Chemistry
46:55 Bracer
47:17 Ballistics
48:09 Padded Archer Armor
48:06 Murder Holes
48:16 Siege Engineers
48:23 Elite Ghulam
49:57 Leather Archer Armor
54:50 Shatagni
60:03 Coinage
60:46 Ring Archer Armor
59:38 Pikeman
60:04 Arson
60:19 Squires
60:24 Hussar
64:26 Hoardings
Connection lost

Rejoining the realm…

Still unreachable

The connection could not be restored.

Session expired

The server has moved on; the page needs a fresh start.